 Dungeon Crawl Stone Soup version 0.29.0 (webtiles) character file.

Game seed: 14417323073214668380

23 Orban the Trooper (level 2, 0/24 HPs)
             Began as a Demonspawn Chaos Knight on Sept 1, 2022.
             Was a Plaything of Xom.
             Slain by a quasit (1 damage)
             ... summoned by Xom
             ... on level 1 of the Dungeon.
             The game lasted 00:01:15 (318 turns).

Orban the Trooper (Demonspawn Chaos Knight)          Turns: 318, Time: 00:01:16

Health: 0/24       AC:  5    Str: 12      XL:     2   Next: 75%
Magic:  2/2        EV: 11    Int: 13      God:    Xom [.*....]
Gold:   15         SH:  0    Dex: 10 (12) Spells: 1/1 levels left

rFire   . . .      SeeInvis .   a - +0 hand axe (chaos)
rCold   . . .      Faith    .   (no shield)
rNeg    . . .      Spirit   .   b - +2 leather armour
rPois   .          Reflect  .   (no helmet)
rElec   .          Harm     .   (no cloak)
rCorr   .          Rampage  .   (no gloves)
Will    .....                   (no boots)
Stlth   +.........              (no amulet)
HPRegen 0.08/turn               d - ring of wizardry
MPRegen 0.16/turn               (no ring)

@: no status effects
A: magic regeneration
a: Renounce Religion


You were on level 1 of the Dungeon.
You worshipped Xom.
You were a plaything of Xom.
You visited 1 branch of the dungeon, and saw 1 of its levels.

You collected 15 gold pieces.

Inventory:

Hand Weapons
 a - a +0 hand axe of chaos (weapon)
Armour
 b - a +2 leather armour (worn)
Jewellery
 d - a ring of wizardry (left hand)
Scrolls
 f - a scroll of blinking {unknown}
 h - a scroll of butterflies {unknown}
Potions
 e - a potion of magic {unknown}
 g - a potion of attraction {unknown}
 i - a potion of lignification {unknown}
Miscellaneous
 c - a piece from Xom's chessboard (15/15) (quivered)


   Skills:
 + Level 3.5 Fighting
 + Level 3.2 Axes
 + Level 1.7 Armour
 + Level 1.1 Dodging


You had one spell level left.
You didn't know any spells.
Your spell library contained the following spells:

 Spells                   Type           Power      Damage    Failure   Level
 Shock                    Conj/Air       0%         1d3       16%         1
 Swiftness                Air            0%         N/A       41%         3
 Airstrike                Air            0%         2d(0-16)  80%         4


Dungeon Overview and Level Annotations

Branches:
Dungeon (1/15)

Altars:


Innate Abilities, Weirdness & Mutations

You regenerate magic rapidly.


Message History

Okay, then.
You hit the white imp but do no damage. You hit the quasit.
The quasit seems to grow stronger.
You hit the endoplasm.
The endoplasm hits you but does no damage.
The quasit bites you. The quasit barely misses you.
The quasit claws you but does no damage.
The white imp closely misses you.
You barely miss the quasit.
The quasit is moderately wounded.
You hit the white imp but do no damage. You hit the endoplasm.
You freeze the endoplasm. The quasit misses you. The quasit barely misses you.
The quasit closely misses you. The endoplasm barely misses you.
The white imp gestures at you. The puff of frost misses you.
The quasit bites you. The quasit barely misses you.
The quasit closely misses you.
You hit the endoplasm.
You kill the endoplasm!
You closely miss the white imp. You miss the quasit. The quasit bites you.
You feel clumsy.
The quasit claws you but does no damage.
The quasit closely misses you. The white imp hits you.
The white imp freezes you.
Cleave: a) +0 hand axe (chaos)
Press: ? - help, Dir - move target, f - quasit
Aim: a quasit (moderately wounded, summoned, strong, about 68% to evade your +0 hand axe of chaos)
You closely miss the quasit.
The quasit is moderately wounded.
You closely miss the white imp. The quasit closely misses you.
The quasit claws you.
* * * LOW HITPOINT WARNING * * *
You feel clumsy. The quasit claws you.
* * * LOW HITPOINT WARNING * * *
The white imp hits you.
* * * LOW HITPOINT WARNING * * *
The white imp freezes you.
* * * LOW HITPOINT WARNING * * *
The quasit misses you. The quasit claws you.
You die... "It's all fun and games until someone loses an eye."

#..# (.
#..###.#.#
#.....#..#
#..####..#
##.....#
##....#
#....# #
#..5.#.#
+...@..# #
#..5.### #
###### # #
# # ## #.
#.


You could see a quasit (summoned, strong) and a white imp (summoned).

Vanquished Creatures
  5 endoplasms (D:1)
  A giant cockroach (D:1)
  6 goblins (D:1)
  2 hobgoblins (D:1)
  2 bats (D:1)
  A frilled lizard (D:1)
  A kobold (D:1)
  A rat (D:1)
19 creatures vanquished.

Vanquished Creatures (others)
  A demonic plant (D:1)
  A fungus (D:1)
  2 plants (D:1)
4 creatures vanquished.

Grand Total: 23 creatures vanquished

Notes
Turn   | Place    | Note
-------+----------+-------------------------------------------
     0 | D:1      | Orban the Demonspawn Chaos Knight began the quest for the
                  | Orb.
     0 | D:1      | Reached XP level 1. HP: 18/18 MP: 1/1
    11 | D:1      | Reached skill level 1 in Dodging
    44 | D:1      | XOM: silly message
    50 | D:1      | Gained mutation: You regenerate magic rapidly. [demonic
                  | ancestry]
    50 | D:1      | Reached XP level 2. HP: 18/24 MP: 2/2
   181 | D:1      | Found a faded altar of an unknown god.
   214 | D:1      | XOM: silly message
   302 | D:1      | XOM: 3-stop teleportation journey
   314 | D:1      | XOM: summons 2 hostile demons
   318 | D:1      | HP: 1/24 [white imp[Xom] (3)]
   318 | D:1      | Slain by a quasit

Illustrated notes

Levels and vault maps discovered:
D:1:      scummos_arrival_simple_fountains, layout_basic,
          shapermc_ecumenical_altar_gd, minmay_pentomino_v4

Skill      XL: |  1 |
---------------+----+-----
Dodging        | 1 |  1.1
Axes           | 3 |  3.2
Fighting       | |  3.5
Armour         | |  1.7

Action                   || total
-------------------------++-------
Melee: Hand axe          ||    36
       Punch             ||     2
Armor: Leather armour    ||    13
Dodge: Dodged            ||    31
